 Dungeon Crawl Stone Soup version 0.28-a0-823-gb444dcf96d (webtiles) character file.

Game seed: 12626260874143801451

209 Multipenetrator the Ducker (level 5, 0/42 HPs)
             Began as a Demonspawn Monk on Nov 10, 2021.
             Succumbed to an adder's poison
             ... on level 4 of the Dungeon.
             The game lasted 00:05:01 (4231 turns).

Multipenetrator the Ducker (Demonspawn Monk)        Turns: 4231, Time: 00:05:02

Health: 0/42       AC:  3    Str: 13    XL:     5   Next: 55%
Magic:  5/5        EV: 15    Int: 11    God:
Gold:   161        SH:  0    Dex: 15    Spells: 4/4 levels left

rFire   . . .      SeeInvis .   l - +0 short sword (vamp)
rCold   . . .      Faith    .   (no shield)
rNeg    . . .      Spirit   .   a - +0 robe
rPois   .          Reflect  .   (no helmet)
rElec   .          Harm     .   (no cloak)
rCorr   .          Rampage  .   e - +0 pair of gloves
Will    .....                   (no boots)
Stlth   ++........              (no amulet)
HPRegen 0.14/turn               (no ring)
MPRegen 0.09/turn               (no ring)

@: brilliant, lethally poisoned (0 -> -2)
A: repulsion field 1, demonic magic 2
a: no special abilities


You were on level 4 of the Dungeon.
You visited 1 branch of the dungeon, and saw 4 of its levels.

You collected 161 gold pieces.

Inventory:

Hand Weapons
 l - a +0 vampiric short sword (weapon)
Missiles
 n - 23 poisoned darts (quivered)
 q - 2 boomerangs
Armour
 a - a +0 robe (worn)
 e - a +0 pair of gloves (worn)
 m - a +0 buckler
 p - a +1 chain mail of poison resistance
Magical Staves
 d - a staff of death
 f - a staff of earth
Jewellery
 b - a ring of wizardry
Wands
 r - a wand of flame (18)
Scrolls
 c - 10 scrolls of identify {unknown}
 i - a scroll of torment {unknown}
 o - a scroll of blinking
 s - 3 scrolls of brand weapon {unknown}
 t - a scroll of magic mapping {unknown}
Potions
 h - 2 potions of brilliance
 j - a potion of resistance {unknown}
 k - a potion of heal wounds {unknown}
 u - a potion of flight {unknown}


   Skills:
 + Level 3.8 Fighting
 + Level 1.1 Throwing
 + Level 3.9 Dodging
 + Level 2.9 Stealth
 - Level 3.6 Unarmed Combat


You had 4 spell levels left.
You didn't know any spells.
Your spell library contained the following spells:

 Spells                   Type           Power      Damage    Failure   Level
 Magic Dart               Conj           0%         1d3       34%         1
 Call Imp                 Summ           0%         N/A       47%         2
 Mephitic Cloud           Conj/Pois/Air  0%         N/A       71%         3


Dungeon Overview and Level Annotations

Branches:
Dungeon (4/15)
 Temple: D:4-7

Altars:
Sif Muna
Wu Jian

Portals:
Abyss: D:3

Annotations:
D:3 2 transporters, exclusion: door, PirateVox's ghost, amateur DjAE


Innate Abilities, Weirdness & Mutations

You are surrounded by a mild repulsion field. (EV +2)
Spells you cast may paralyse nearby enemies.


Message History

The adder barely misses you.
You hit the adder.
The adder is lightly wounded.
The adder bites you.
You are poisoned.
The adder poisons you! The adder misses you.
You hit the adder.
You feel better.
The adder is moderately wounded.
You feel sick. The adder bites you.
You hit the adder.
The adder is heavily wounded.
You feel sick. The adder closely misses you.
You hit the adder.
You feel better.
The adder is severely wounded.
You feel sick. The adder bites you.
* * * LOW HITPOINT WARNING * * *
You are more poisoned.
The adder poisons you! The adder closely misses you.
You hit the adder.
You kill the adder!
You feel sick.
You hit the ogre but do no damage.
The ogre is lightly wounded.
You feel sick.
The ogre hits you with a +0 giant spiked club!!
* * * LOW HITPOINT WARNING * * *
* * * LOW HITPOINT WARNING * * *
You feel sick.
A ball python comes into view.
* * * LOW HITPOINT WARNING * * *
You feel sick.
* * * LOW HITPOINT WARNING * * *
You feel sick.
It was a potion of magic.
Magic courses through your body.
* * * LOW HITPOINT WARNING * * *
You feel sick. The ogre misses you.
Unknown command.
It was a potion of brilliance.
You feel clever all of a sudden.
You die...

#..............##
....$.†......###
#............######
.###.##............###
.....#.....##........###
...........##..........#
......................S.
.....##.....##.O......#
..... #......###6>....#
..... ##....## #......#
..... ###.... ..##..##
..... #.###...# ## .....
... ##..# ....# ....
...# .... ....#


You could see an ogre and a ball python (asleep).

Vanquished Creatures
  An ogre (D:3)
  5 adders
  2 worms
  A dart slug (D:2)
  An orc (D:3)
  13 endoplasms
  4 giant cockroaches
  7 goblins
  5 hobgoblins
  3 jackals (D:2)
  8 kobolds
  2 quokkas
  7 ball pythons
  3 bats
  4 frilled lizards
  2 rats
68 creatures vanquished.

Vanquished Creatures (others)
  A fungus (D:1)
  4 toadstools (D:1)
5 creatures vanquished.

Grand Total: 73 creatures vanquished

Notes
Turn   | Place    | Note
-------+----------+-------------------------------------------
     0 | D:1      | Multipenetrator the Demonspawn Monk began the quest for the
                  | Orb.
     0 | D:1      | Reached XP level 1. HP: 18/18 MP: 1/1
   529 | D:1      | Gained mutation: Spells you cast may paralyse adjacent
                  | enemies. [demonic ancestry]
   529 | D:1      | Reached XP level 2. HP: 22/24 MP: 2/2
  1004 | D:1      | Found a faded altar of an unknown god.
  1258 | D:2      | Gained mutation: You are surrounded by a mild repulsion
                  | field. (EV +2) [demonic ancestry]
  1258 | D:2      | Reached XP level 3. HP: 29/29 MP: 3/3
  2114 | D:2      | Gained mutation: Spells you cast may paralyse nearby
                  | enemies. [demonic ancestry]
  2114 | D:2      | Reached XP level 4. HP: 33/35 MP: 4/4
  2185 | D:2      | Found an ornate altar of the Wu Jian Council.
  2678 | D:3      | Noticed an ogre
  2739 | D:3      | Killed an ogre
  2740 | D:3      | Reached XP level 5. HP: 28/41 MP: 5/5
  3086 | D:3      | Found a shimmering blue altar of Sif Muna.
  3380 | D:3      | Noticed a small abomination
  3395 | D:3      | Found a transporter.
  3400 | D:3      | Noticed a small abomination
  3405 | D:3      | Found a transporter.
  3411 | D:3      | Found a one-way gate to the infinite horrors of the Abyss.
  3411 | D:3      | Noticed PirateVox's ghost (amateur DjAE)
  3501 | D:3      | Reached skill level 1 in Throwing
  4206 | D:4      | Noticed an ogre
  4229 | D:4      | HP: 2/42 [poisoned by an adder]
  4231 | D:4      | Succumbed to an adder's poison

Illustrated notes

Levels and vault maps discovered:
D:1:      denvon_arrival_planthouse, layout_rooms,
          shapermc_ecumenical_altar_hornbeckon, minmay_gold_behind_fungi
D:2:      layout_loops_cross, basic_altar, kennysheep_generic_room_15
D:3:      layout_loops_corners, led_sif_book, gammafunk_ghost_abyssal_escape,
          corexii_item_surrounded_by_moat
D:4:      layout_cave_pools, mainiacjoe_overflow_alcove_4

Skill      XL: |  1  2  3  4  5 |
---------------+----------------+-----
Dodging        | 3 |  3.9
Unarmed Combat | 3 |  3.6
Stealth        | 2 |  2.9
Throwing       | 1 |  1.1
Fighting       | |  3.8

Action                   |  1- 3 |  4- 6 || total
-------------------------+-------+-------++-------
Melee: Unarmed           |   184 |     3 ||   187
       Punch             |     3 |     2 ||     5
       Short sword       |       |   110 ||   110
Throw: Dart              |       |     9 ||     9
  Use: Potion            |       |     2 ||     2
 Stab: Sleeping          |     4 |     5 ||     9
Armor: Robe              |    28 |    10 ||    38
Dodge: Dodged            |   112 |    77 ||   189

Table legend: (Time is in decaauts)
 A = Elapsed time spent in this place.
 B = Non-inter-level travel time spent in this place.
 C = Inter-level travel time spent in this place.
 D = Time resting spent in this place.
 E = Time spent auto-exploring this place.
 F = Levels seen in this place.
 G = Mean time per level.
                   A        B        C        D        E       F      G
               +--------+--------+--------+--------+--------+-----+--------+
         Total |   4240 |   4180 |     60 |    267 |   3185 |   4 | 1060.0 |
       Dungeon |   4240 |   4180 |     60 |    267 |   3185 |   4 | 1060.0 |
               +--------+--------+--------+--------+--------+-----+--------+

Top non-repeatable levels by time:
     D:3: 1794 daAuts
     D:1: 1196 daAuts
     D:2: 1195 daAuts
     D:4: 54 daAuts
